3179 views
Uploaded 2020-04-24 14:26:26
Game version 1.32.3
8:21 long 1on1 custom game on (4)TwistedMeadows
Game name "W3Champions-20-BWdmTqJoCD"
Saved by Dziango
3179 views
Uploaded 2020-04-24 14:26:26
Game version 1.32.3
8:21 long 1on1 custom game on (4)TwistedMeadows
Game name "W3Champions-20-BWdmTqJoCD"
13 units @ 1.8k
/ 0.1k
9 buildings @ 1.5k
/ 0.4k


| Healing Salve | 4 | 400 |
| Scroll of Speed | 2 | 100 |
| Lesser Clarity Potion | 1 | 70 |
| total: | 7 | 570g |
| Peon | 7 | 525 | / | 0 |
| Grunt | 4 | 800 | / | 0 |
| Raider | 1 | 180 | / | 40 |
| Forest Troll Berserker | 1 | 245 | / | 30 |
| total: | 13 | 1750g | / | 70w |
| Altar of Storms | 1 | 180 | / | 50 |
| Orc Burrow | 4 | 640 | / | 160 |
| Barracks | 1 | 180 | / | 50 |
| Voodoo Lounge | 1 | 130 | / | 30 |
| War Mill | 1 | 205 | / | 0 |
| Beastiary | 1 | 145 | / | 140 |
| Stronghold | 1 | 315 | / | 190 |
| Fortress | 1 | 325 | / | 190 |
| total: | 9 | 1480g | / | 430w |
| 0:01 | Peon |
| 0:01 | Peon |
| 0:06 | Altar of Storms |
| 0:17 | Orc Burrow |
| 0:18 | Peon |
| 0:44 | Barracks |
| 0:48 | Peon |
| 0:54 | Peon |
| 1:13 | Peon |
| 1:24 | Voodoo Lounge |
| 1:38 | Peon |
| 1:45 | Grunt |
| 2:05 | Wind Walk |
| 2:37 | Stronghold |
| 2:44 | Healing Salve |
| 2:44 | Healing Salve |
| 2:44 | Scroll of Speed |
| 3:04 | Orc Burrow |
| 3:06 | Orc Burrow |
| 3:57 | Grunt |
| 3:57 | Grunt |
| 4:08 | Lesser Clarity Potion |
| 4:56 | Forest Troll Berserker |
| 5:06 | Beastiary |
| 5:16 | Critical Strike |
| 5:29 | Fortress |
| 6:01 | Healing Salve |
| 6:02 | Healing Salve |
| 6:02 | Scroll of Speed |
| 6:03 | Hex |
| 6:18 | Wind Walk |
| 6:29 | Berserker Strength |
| 6:29 | Raider |
| 6:32 | Orc Burrow |
| 6:46 | Ensnare |
| 7:34 | Grunt |
| 8:16 | War Mill |
14 units @ 2.2k
/ 0.3k
9 buildings @ 1.5k
/ 0.5k


| Rod of Necromancy | 2 | 300 |
| Dust of Appearance | 1 | 75 |
| total: | 3 | 375g |
| Acolyte | 3 | 225 | / | 0 |
| Ghoul | 4 | 480 | / | 0 |
| Crypt Fiend | 5 | 1075 | / | 200 |
| Obsidian Statue | 2 | 400 | / | 70 |
| total: | 14 | 2180g | / | 270w |
| Ziggurat | 4 | 600 | / | 200 |
| Altar of Darkness | 1 | 180 | / | 50 |
| Crypt | 1 | 200 | / | 50 |
| Tomb of Relics | 1 | 130 | / | 30 |
| Graveyard | 1 | 215 | / | 0 |
| Slaughterhouse | 1 | 140 | / | 135 |
| Halls of the Dead | 1 | 320 | / | 210 |
| Black Citadel | 1 | 325 | / | 230 |
| total: | 9 | 1465g | / | 465w |
| 0:01 | Acolyte |
| 0:03 | Ziggurat |
| 0:05 | Altar of Darkness |
| 0:12 | Acolyte |
| 0:33 | Crypt |
| 0:40 | Acolyte |
| 0:56 | Tomb of Relics |
| 1:15 | Graveyard |
| 1:34 | Ghoul |
| 1:34 | Ghoul |
| 1:34 | Ghoul |
| 1:40 | Ghoul |
| 2:05 | Rod of Necromancy |
| 2:10 | Death Coil |
| 2:29 | Halls of the Dead |
| 2:47 | Crypt Fiend |
| 3:03 | Ziggurat |
| 3:59 | Crypt Fiend |
| 4:17 | Unholy Aura |
| 4:30 | Crypt Fiend |
| 4:53 | Rod of Necromancy |
| 5:12 | Black Citadel |
| 5:25 | Slaughterhouse |
| 5:38 | Ziggurat |
| 5:50 | Dust of Appearance |
| 5:55 | Frost Armor |
| 6:03 | Ziggurat |
| 6:19 | Death Coil |
| 6:25 | Burrow |
| 6:31 | Obsidian Statue |
| 6:46 | Obsidian Statue |
| 7:24 | Crypt Fiend |
| 8:01 | Crypt Fiend |
| 8:17 | Frost Nova |